 Dungeon Crawl Stone Soup version 0.27-a0-899-ge2d0b17 (webtiles) character file.

Game seed: 16707247415535111190

903 Nithhogg the Slasher (level 7, 0/55 HPs)
             Began as a Demonspawn Fighter on Apr 5, 2021.
             Slain by a sky beast (2 damage)
             ... on level 5 of the Dungeon.
             The game lasted 00:08:33 (5684 turns).

Nithhogg the Slasher (Demonspawn Fighter)           Turns: 5684, Time: 00:08:34

Health: 0/55       AC:  8    Str: 19    XL:     7   Next: 80%
Magic:  7/7        EV: 11    Int:  9    God:
Gold:   223        SH:  0    Dex: 12    Spells: 6/6 levels left

rFire    + . .     SeeInvis .   a - +0 long sword
rCold    + . .     Faith    .   (no shield)
rNeg     . . .     Spirit   .   b - +0 scale mail
rPois    +         Reflect  .   (helmet unavailable)
rElec    +         Harm     .   m - +0 cloak
rCorr    +         Rampage  .   (no gloves)
Will     .....                  (no boots)
Stlth    ..........             (no amulet)
HPRegen  0.18/turn              l - ring of poison resistance
MPRegen  0.10/turn              (no ring)

@: resistant
A: hooves 2, horns 3, spiny 1
a: no special abilities


You were on level 5 of the Dungeon.
You visited 1 branch of the dungeon, and saw 6 of its levels.
You also visited: Sewer.

You collected 223 gold pieces.

Inventory:

Hand Weapons
 a - a +0 long sword (weapon)
Missiles
 h - 5 curare-tipped darts (quivered)
Armour
 b - a +0 scale mail (worn)
 c - a +0 kite shield
 m - a +0 cloak (worn)
Jewellery
 l - a ring of poison resistance (left hand)
Wands
 f - a wand of charming (10)
Scrolls
 e - a scroll of torment {unknown}
 g - a scroll of vulnerability
 i - 2 scrolls of identify
 j - a scroll of enchant armour {unknown}
 k - a scroll of enchant weapon
 o - a scroll of amnesia
 p - a scroll of fog {unknown}
 s - a scroll of fear
Potions
 d - 3 potions of might
 t - a potion of brilliance
 u - a potion of ambrosia


   Skills:
 + Level 4.9 Fighting
 * Level 5.3 Long Blades
 + Level 4.4 Armour
 + Level 3.4 Dodging
 - Level 2.6 Shields


You had 6 spell levels left.
You didn't know any spells.
Your spell library was empty.

Dungeon Overview and Level Annotations

Branches:
Dungeon (6/15)              Sewer (visited)
 Temple: D:4-7

Altars:

Shops:
D:5 [


Innate Abilities, Weirdness & Mutations

You have hoof-like feet.
You have a pair of large horns on your head.
You are partially covered in sharp spines.


Message History

* * * LOW HITPOINT WARNING * * *
The sky beast shocks you.
* * * LOW HITPOINT WARNING * * *
You feel better.
The sky beast flickers out of sight!
Deactivating autopickup; reactivate with Ctrl-A.
Something hits you.
* * * LOW HITPOINT WARNING * * *
Something shocks you.
* * * LOW HITPOINT WARNING * * *
The ogre is struck by your spines.
You kill the ogre!
You feel your strength returning.
A sky beast appears from thin air!
Reactivating autopickup.
Things that are here:
a +0 giant club; an ogre corpse; an iguana corpse You feel better.
The sky beast hits you but does no damage.
You completely miss the sky beast. Your headbutt misses the sky beast.
The sky beast is heavily wounded.
The sky beast is struck by your spines. The sky beast barely misses you.
You hit the sky beast but do no damage. Your kick misses the sky beast.
The sky beast is severely wounded.
The sky beast flickers out of sight!
Deactivating autopickup; reactivate with Ctrl-A.
Something hits you but does no damage. Something hits you.
* * * LOW HITPOINT WARNING * * *
Something shocks you.
* * * LOW HITPOINT WARNING * * *
You feel better. Something hits you.
* * * LOW HITPOINT WARNING * * *
Something shocks you.
* * * LOW HITPOINT WARNING * * *
You slash something! Something hits you but does no damage.
It was a potion of resistance.
You feel protected. Something hits you.
* * * LOW HITPOINT WARNING * * *
Something shocks you. You resist.
You die...

################
#..............#
#####..............#
...................#
..............∩....#
......##############
..(...†>)........#
......##########@#
......# #.# ......#
#.# ......# #.#
......# #.# ......#
#.# ......##### #.#
..........# #.#
#########.# #.#


There were no monsters in sight!

Vanquished Creatures
  A necrophage (D:4)
  2 ogres (D:5)
  2 kobold brigands (Sewer)
  Blork the orc (D:4)
  2 hounds (D:5)
  2 centaur zombies (D:5)
  A scorpion zombie (D:5)
  2 iguanas (D:5)
  An orc wizard (D:4)
  A hound skeleton (D:4)
  9 adders
  2 river rats
  An adder skeleton (D:4)
  3 worms
  A dart slug (D:1)
  6 orcs
  2 ball pythons
  11 endoplasms
  4 giant cockroaches
  4 goblins
  8 hobgoblins
  13 jackals
  2 quokkas
  4 bats
  4 frilled lizards
  8 kobolds
  13 rats
110 creatures vanquished.

Notes
Turn   | Place    | Note
-------+----------+-------------------------------------------
     0 | D:1      | Nithhogg the Demonspawn Fighter began the quest for the
                  | Orb.
     0 | D:1      | Reached XP level 1. HP: 18/18 MP: 1/1
   165 | D:1      | Reached skill level 2 in Long Blades
   176 | D:1      | Gained mutation: You have large cloven feet. [demonic
                  | ancestry]
   176 | D:1      | Reached XP level 2. HP: 21/24 MP: 2/2
   983 | D:1      | Gained mutation: You have a pair of small horns on your
                  | head. [demonic ancestry]
   983 | D:1      | Reached XP level 3. HP: 23/29 MP: 3/3
  1326 | D:2      | Reached skill level 1 in Dodging
  1386 | D:2      | Found a faded altar of an unknown god.
  1759 | D:2      | Gained mutation: You have a pair of horns on your head.
                  | [demonic ancestry]
  1759 | D:2      | Reached XP level 4. HP: 33/35 MP: 4/4
  2026 | D:3      | Reached skill level 3 in Long Blades
  2287 | D:3      | Found a glowing drain.
  2292 | Sewer    | Entered a sewer
  2577 | Sewer    | Gained mutation: You have a pair of large horns on your
                  | head. [demonic ancestry]
  2577 | Sewer    | Reached XP level 5. HP: 33/42 MP: 5/5
  3090 | Sewer    | Gained mutation: You have hoof-like feet. [demonic
                  | ancestry]
  3090 | Sewer    | Reached XP level 6. HP: 48/48 MP: 6/6
  3574 | D:4      | Noticed Blork the orc
  3584 | D:4      | Killed Blork the orc
  3585 | D:4      | Reached skill level 4 in Long Blades
  4439 | D:4      | Gained mutation: You are partially covered in sharp spines.
                  | [demonic ancestry]
  4439 | D:4      | Reached XP level 7. HP: 55/55 MP: 7/7
  4641 | D:5      | Entered Level 5 of the Dungeon
  5236 | D:5      | Found Ratrakka's Antique Armour Emporium.
  5265 | D:5      | Reached skill level 5 in Long Blades
  5668 | D:5      | HP: 1/55 [sky beast (6)]
  5684 | D:5      | HP: 2/55 [something (3)]
  5684 | D:5      | Slain by a sky beast

Illustrated notes

Levels and vault maps discovered:
D:1:      ebering_trefoil_3fold, layout_loops_corners, kennysheep_minor_cross,
          minmay_nonomino_d4
D:2:      layout_rooms, basic_ecumenical_altar
D:3:      layout_basic, gup_sewer_entry_bowl, serial_park_tiny_pond
D:4:      layout_basic, glass_columns_c, uniq_blork_the_orc
D:5:      layout_basic, serial_shops, shop, grunt_decor_resistance
D:6:      layout_rooms, temple_pool_b, serial_shops, nicolae_shop_waterfront,
          shop, nicolae_shop_waterfront, shop, minmay_unpleasant_kobolds,
          uniq_menkaure

Skill      XL: |  1  2  3  4  5  6  7 |
---------------+----------------------+-----
Long Blades    | 2 3 4 5 |  5.3
Armour         | 3 4 |  4.4
Dodging        | 1 2 3 |  3.4
Fighting       | 4 |  4.9
Shields        | |  2.6

Action                   |  1- 3 |  4- 6 |  7- 9 || total
-------------------------+-------+-------+-------++-------
Melee: Long sword        |    94 |   144 |    39 ||   277
       Kick              |    15 |    31 |    10 ||    56
       Headbutt          |     3 |    25 |     9 ||    37
  Use: Scroll            |     2 |     5 |       ||     7
       Potion            |       |     6 |     6 ||    12
Armor: Scale mail        |    41 |    49 |    33 ||   123
Dodge: Dodged            |    45 |    73 |    17 ||   135
       Rpst.: Long sword |    19 |    24 |     4 ||    47

Table legend: (Time is in decaauts)
 A = Elapsed time spent in this place.
 B = Non-inter-level travel time spent in this place.
 C = Inter-level travel time spent in this place.
 D = Time resting spent in this place.
 E = Time spent auto-exploring this place.
 F = Levels seen in this place.
 G = Mean time per level.
                   A        B        C        D        E       F      G
               +--------+--------+--------+--------+--------+-----+--------+
         Total |   5824 |   5695 |    129 |    320 |   4346 |   7 |  832.0 |
       Dungeon |   4822 |   4693 |    129 |     57 |   3824 |   6 |  803.7 |
         Sewer |   1001 |   1001 |      0 |    263 |    522 |   1 | 1001.0 |
               +--------+--------+--------+--------+--------+-----+--------+

Top non-repeatable levels by time:
     D:1: 1310 daAuts
     D:4: 1217 daAuts
     D:5: 1041 daAuts
   Sewer: 1001 daAuts
     D:2: 697 daAuts
     D:3: 547 daAuts
     D:6: 8 daAuts
